 Dungeon Crawl Stone Soup version 0.30.0-18-gc0e69614cb (webtiles) character file.

Game seed: 9332206953167180295

55 testman the Shield-Bearer (level 3, -1/26 HPs)
             Began as a Gnoll Wanderer on May 23, 2023.
             Slain by Natasha (7 damage)
             ... on level 1 of the Dungeon.
             The game lasted 00:04:31 (979 turns).

testman the Shield-Bearer (Gnoll Wanderer)           Turns: 979, Time: 00:04:31

Health: -1/26      AC:  6    Str:  7    XL:     3   Next: 93%
Magic:  0/7        EV:  9    Int: 11    God:
Gold:   63         SH:  8    Dex: 19    Spells: 6/7 levels left

rFire   + . .        a - +0 dagger
rCold   . . .        e - +2 buckler
rNeg    . . .        d - +0 robe
rPois   .            i - +2 hat
rElec   .            (no cloak)
rCorr   .            (no gloves)
SInv    +            o - +0 pair of boots
Will    .....        g - amulet of faith
Stlth   ++           f - ring of see invisible
HPRegen 0.24/turn    (no ring)
MPRegen 0.10/turn

%: faith
@: very slightly contaminated, slowed, constricted, very slow
A: fangs 1, strong nose, distributed training, iridescent scales 1, agile 1,
deformed body, fire resistance 1
a: no special abilities


You were on level 1 of the Dungeon.
You visited 1 branch of the dungeon, and saw 2 of its levels.

You collected 63 gold pieces.

Inventory:

Hand Weapons
 a - a +0 dagger (weapon)
Armour
 d - a +0 robe (worn)
 e - a +2 buckler (worn)
 i - a +2 hat (worn)
 o - a +0 pair of boots (worn)
Magical Staves
 k - a staff of poison
Jewellery
 f - a ring of see invisible (left hand)
 g - an amulet of faith (around neck)
Wands
 b - a wand of polymorph (4)
Scrolls
 j - 3 scrolls of identify {unknown}
 l - a scroll of enchant armour {unknown}
 n - a scroll of acquirement {unknown}
Potions
 c - 3 potions of haste
 m - a potion of attraction {unknown}


   Skills:
 + Level 1.0 Fighting
 + Level 1.0 Short Blades
 + Level 1.0 Long Blades
 + Level 1.0 Axes
 + Level 1.0 Maces & Flails
 + Level 1.0 Polearms
 + Level 1.0 Staves
 + Level 1.0 Ranged Weapons
 + Level 1.0 Throwing
 + Level 2.7 Armour
 + Level 2.7 Dodging
 + Level 1.0 Stealth
 + Level 6.5 Shields
 + Level 1.0 Unarmed Combat
 + Level 2.9 Spellcasting
 + Level 0.7 Conjurations
 + Level 0.7 Hexes
 + Level 0.7 Summonings
 + Level 0.7 Necromancy
 + Level 0.7 Translocations
 + Level 0.7 Transmutations
 + Level 2.2 Fire Magic
 + Level 0.7 Ice Magic
 + Level 0.7 Air Magic
 + Level 0.7 Earth Magic
 + Level 0.7 Poison Magic
 + Level 2.7 Invocations
 + Level 4.6 Evocations


You had 6 spell levels left.
You knew the following spells:

 Your Spells              Type           Power      Damage    Failure   Level
a - Foxfire               Conj/Fire      16%        2x1d4     22%         1

Your spell library contained the following spells:

 Spells                   Type           Power      Damage    Failure   Level
 Ignite Poison            Fire/Tmut/Pois 4%         N/A       56%         3


Dungeon Overview and Level Annotations

Branches:
Dungeon (2/15)

Altars:

Annotations:
D:1 Natasha


Innate Abilities, Weirdness & Mutations

You have very sharp teeth.
Your uncanny sense of smell can sniff out nearby items.
Your experience applies equally to all skills.
You are partially covered in iridescent scales. (AC +2)
You are agile. (Dex +4, Str/Int -1)
Armour fits poorly on your strangely shaped body.
Your flesh is heat resistant. (rF+)


Message History

You hit the ball python. Your bite misses the ball python.
The ball python is heavily wounded.
The ball python bites you. The ball python constricts you.
Natasha casts a spell at you. The magic dart hits you.
You closely miss the ball python.
The ball python is heavily wounded.
The ball python bites you but does no damage.
The ball python constricts you. Natasha claws you but does no damage.
You closely miss the ball python.
The ball python is heavily wounded.
The ball python bites you but does no damage.
The ball python constricts you. You block Natasha's attack.
The ball python closely misses you. The ball python constricts you.
You closely miss the ball python.
The ball python is heavily wounded.
Natasha claws you.
* * * LOW HITPOINT WARNING * * *
The ball python barely misses you. The ball python constricts you.
It was a potion of mutation.
You feel extremely strange.
You feel resistant to heat.
Your body twists and deforms.
You feel agile.
Iridescent scales grow over part of your body.
Natasha stares at you and mumbles some strange words.
You feel yourself slow down.
The ball python bites you but does no damage.
The ball python constricts you.
Your magical contamination has completely faded away.
Casting: Foxfire (safe; 22% risk of failure)
Press: ? - help, Q - select action, (/) - cycle Dir - look around, f - activate You miscast Foxfire.
You are very lightly contaminated with residual magic.
Nothing appears to happen.
The ball python bites you but does no damage.
The ball python constricts you. Natasha misses you.
The ball python bites you but does no damage.
The ball python constricts you.
You hit the ball python but do no damage.
The ball python is heavily wounded.
Natasha claws you!
You die...

#....##..........####
#.##.##..............
#####.##.##..........####
##........##.........†#
#...###.#######.#######
#.........# ###.#
#.#...###.###...#
#.##..)##'#...###
#.####..S@h...# ####
#.............# #...
###...........# #..(
#...........# #...
#...........# #...
#...........## #...
#............# #...
#............# #...
#............### ####...


You could see Natasha and a ball python.

Vanquished Creatures
  An adder (D:2)
  4 dart slugs (D:1)
  3 ball pythons (D:1)
  A bat (D:1)
  An endoplasm (D:1)
  2 giant cockroaches (D:1)
  2 goblins (D:1)
  2 hobgoblins (D:1)
  8 jackals
  4 quokkas (D:1)
  5 rats
33 creatures vanquished.

Vanquished Creatures (others)
  11 foxfires
11 creatures vanquished.

Grand Total: 44 creatures vanquished

Notes
Turn   | Place    | Note
-------+----------+-------------------------------------------
     0 | D:1      | testman the Gnoll Wanderer began the quest for the Orb.
     0 | D:1      | testman set off with the following items: a +0 dagger, a
                  | wand of polymorph (4), a potion of haste, a +0 robe, a +2
                  | buckler; and the following spell memorised: Foxfire; and
                  | the following spells available to memorise: Ignite Poison.
     0 | D:1      | Reached XP level 1. HP: 13/13 MP: 4/4
   133 | D:1      | Reached XP level 2. HP: 14/20 MP: 5/5
   430 | D:1      | Reached XP level 3. HP: 15/25 MP: 7/7
   870 | D:2      | Reached skill level 1 in Fighting
   870 | D:2      | Reached skill level 1 in Short Blades
   870 | D:2      | Reached skill level 1 in Long Blades
   870 | D:2      | Reached skill level 1 in Axes
   870 | D:2      | Reached skill level 1 in Maces & Flails
   870 | D:2      | Reached skill level 1 in Polearms
   870 | D:2      | Reached skill level 1 in Staves
   870 | D:2      | Reached skill level 1 in Ranged Weapons
   870 | D:2      | Reached skill level 1 in Throwing
   870 | D:2      | Reached skill level 1 in Stealth
   870 | D:2      | Reached skill level 1 in Unarmed Combat
   955 | D:2      | Noticed Natasha
   977 | D:1      | Gained mutation: Your flesh is heat resistant. (rF+)
                  | [potion of mutation]
   977 | D:1      | Gained mutation: Armour fits poorly on your strangely
                  | shaped body. [potion of mutation]
   977 | D:1      | Gained mutation: You are agile. (Dex +4, Str/Int -1)
                  | [potion of mutation]
   977 | D:1      | Gained mutation: You are partially covered in iridescent
                  | scales. (AC +2) [potion of mutation]
   979 | D:1      | Slain by Natasha

Illustrated notes

Levels and vault maps discovered:
D:1:      tekkud_arrival_beachfront_property, layout_basic, minmay_hedge_maze
D:2:      layout_basic, uniq_natasha

Skill      XL: |  1  2  3 |
---------------+----------+-----
Fire Magic     | 2 |  2.2
Fighting       | 1 |  1.0
Short Blades   | 1 |  1.0
Long Blades    | 1 |  1.0
Axes           | 1 |  1.0
Maces & Flails | 1 |  1.0
Polearms       | 1 |  1.0
Staves         | 1 |  1.0
Ranged Weapons | 1 |  1.0
Throwing       | 1 |  1.0
Stealth        | 1 |  1.0
Unarmed Combat | 1 |  1.0
Armour         | |  2.7
Dodging        | |  2.7
Shields        | |  6.5
Spellcasting   | |  2.9
Conjurations   | |  0.7
Hexes          | |  0.7
Summonings     | |  0.7
Necromancy     | |  0.7
Translocations | |  0.7
Transmutations | |  0.7
Ice Magic      | |  0.7
Air Magic      | |  0.7
Earth Magic    | |  0.7
Poison Magic   | |  0.7
Invocations    | |  2.7
Evocations     | |  4.6

Action                     || total
---------------------------++-------
  Melee: Dagger            ||   186
         Bite              ||    16
   Cast: Foxfire           ||     6
    Use: Potion            ||     1
   Stab: Sleeping          ||     6
 Armour: Robe              ||    62
  Dodge: Dodged            ||   110
  Block: Buckler           ||    98
